 Dungeon Crawl Stone Soup version 0.30-a0-476-g330ca2eb8e (webtiles) character file.

Game seed: 5505821618163341257

58 kae the Ruffian (level 3, -4/28 HPs)
             Began as a Draconian Transmuter on Dec 21, 2022.
             Succumbed to a kobold's poison
             ... on level 2 of the Dungeon.
             The game lasted 00:02:16 (1328 turns).

kae the Ruffian (Draconian Transmuter)              Turns: 1328, Time: 00:02:16

Health: -4/28      AC:  2    Str: 18    XL:     3   Next: 75%
Magic:  13/15      EV: 19    Int: 15    God:
Gold:   36         SH:  0    Dex: 16    Spells: 1/7 levels left

rFire   . . .      SeeInvis .      - Unarmed
rCold   . . .      Faith    .    (shield currently unavailable)
rNeg    . . .      Spirit   .    (body armour unavailable)
rPois   x          Reflect  .    (helmet currently unavailable)
rElec   .          Harm     .    (cloak currently unavailable)
rCorr   .          Rampage  .    (gloves currently unavailable)
Will    .....                    (boots currently unavailable)
Stlth   +.........               (no amulet)
HPRegen 0.24/turn                S - +6 ring of strength
MPRegen 0.14/turn                W - ring of magical power

@: lethally poisoned (-4 -> -31), spider-form, attractive
A: venomous fangs, AC +5, tiny, unfitting armour, (cold-blooded)
a: End Transformation


You were on level 2 of the Dungeon.
You were a venomous arachnid creature.
You visited 1 branch of the dungeon, and saw 2 of its levels.

You collected 118 gold pieces.
You spent 82 gold pieces at shops.


Innate Abilities, Weirdness & Mutations

You are a venomous arachnid creature.
You have poisonous fangs.
You are tiny and dextrous.
Your spellcasting is less reliable in this form.
Your armour is entirely melded.
You are incapable of wielding weapons or throwing items.
((Your plain brown scales are hard. (AC +5)))
You cannot fit into any form of body armour.
((You are cold-blooded and may be slowed by cold attacks.))


   Skills:
 - Level 1.1 Fighting
 - Level 1.7 Dodging
 + Level 3.4 Unarmed Combat
 + Level 2.5 Spellcasting
 * Level 3.1 Transmutations
 + Level 0.6 Poison Magic


You had one spell level left.
You knew the following spells:

 Your Spells              Type           Power      Damage    Failure   Level
a - Beastly Appendage     Tmut           22%        N/A       17%         1
b - Wereblood             Tmut           11%        N/A       22%         2
c - Spider Form           Tmut/Pois      7%         N/A       50%         3

Your spell library contained the following spells:

 Spells                   Type           Power      Damage    Failure   Level
 Call Canine Familiar     Summ           1%         N/A       75%         3
 Inner Flame              Hex/Fire       1%         N/A       75%         3
 Portal Projectile        Hex/Tloc       2%         N/A       75%         3
 Ice Form                 Ice/Tmut       6%         N/A       88%         4
 Cause Fear               Hex            0%         N/A       98%         4
 Leda's Liquefaction      Hex/Erth       0%         N/A       98%         4
 Discord                  Hex            0%         N/A       100%        8

Inventory:

Missiles
 b - 4 poisoned darts
 c - 4 stones
Jewellery
 O - a +4 ring of protection
   (You found it on level 2 of the Dungeon)
 S - a +6 ring of strength (left front leg)
   (You found it on level 2 of the Dungeon)
 W - a ring of magical power (right front leg)
   (You found it on level 2 of the Dungeon)
Scrolls
 i - a scroll of immolation {unknown}
 j - a scroll of noise {unknown}
 k - a scroll of blinking {unknown}
 l - a scroll of fog {unknown}
Potions
 a - 3 potions of lignification {!q}
 d - a potion of curing {unknown}
 e - a potion of heal wounds {unknown}
 f - a potion of flight {unknown}
 g - 2 potions of might
 h - a potion of attraction {!q}
 m - a potion of haste {unknown}

Dungeon Overview and Level Annotations

Branches:
Dungeon (2/15) Zot: 10677

Altars:

Shops:
D:2

* #.........
#....######.........
#.....).##..........
#.......##..........
#.......##..........
.[.....##..........
.?...# #..........
#)).# ##..........
####s)'###......#....
#........#...####..##
#........##.........#
#........##.........#
#.#########.........)
#................<...
###########.........#
###########


There were no monsters in sight!


Message History

You can access your shopping list by pressing '$'.
You now have 25 gold pieces (gained 5).
No target in view!
No target in view!
A ball python comes into view.
The ball python hisses angrily.
A bat comes into view.
You closely miss the ball python. Your punch misses the ball python.
The ball python bites you but does no damage.
The ball python grabs you. The ball python constricts you.
Casting: Beastly Appendage (safe; 6% risk of failure)
Confirm with . or Enter, or press ? or * to list all spells.
You grow a pair of large bovine horns.
Your feet morph into talons.
The ball python bites you. The ball python constricts you.
The ball python barely misses you.
The ball python constricts you. 😕 HP[-1] MP[-1]
You take 1 damage, and now have 27/28 hp.
You lost 1 mp, and now have 14/15 mp.
You closely miss the ball python. Your kick misses the ball python.
You tail-slap the ball python.
You kill the ball python!
The bat barely misses you. The bat barely misses you.
The bat hits you but does no damage.
The bat hits you but does no damage. 😎 HP[+1]
Your hp is fully restored (28).
A bat is nearby!
You miss the bat. Your kick misses the bat. The bat hits you.
You punch the bat!
You kill the bat! 😕 HP[-1] MP[+1]
You take 1 damage, and now have 27/28 hp.
Your mp is fully restored (15).
Your transformation is almost over.
O - a +4 ring of protection 😎 HP[+1]
Your hp is fully restored (28).
Your horns disappear.
Your talons disappear.
Found a stone staircase leading down.
Unknown command.
There is a stone staircase leading down here.
You see here a quokka skeleton.
You now have 36 gold pieces (gained 11).
m - a lumpy purple potion Key pressed, stopping explore.
Unknown command.
Found a stone staircase leading down.
You see here a ball python skeleton.
Key pressed, stopping explore.
You open the gate. 5 kobolds come into view.
A kobold is wielding a +2 dagger of venom.
The kobold shouts! x4
There are monsters nearby!
Casting: Beastly Appendage (safe; 6% risk of failure)
Confirm with . or Enter, or press ? or * to list all spells.
The spell is extremely dangerous to miscast (30% risk of failure)!
Continue anyway? [Y]es or [N]o only, please.
The spell is extremely dangerous to miscast (30% risk of failure)!
Continue anyway?
You turn into a venomous arachnid creature. 😎 MP[-3]
You lost 3 mp, and now have 12/15 mp.
There is an open gate here.
You hit the kobold.
You kill the kobold!
The kobold misses you.
You bite the kobold!
You kill the kobold!
The kobold barely misses you.
The kobold hits you with a +2 dagger of venom.
You are poisoned.
You bite the kobold!
You kill the kobold!
You feel very sick. The kobold barely misses you.
The kobold hits you with a +2 dagger of venom.
You are lethally poisoned! 😮 HP[-10]
You take 10 damage, and now have 18/28 hp.
MASSIVE DAMAGE!! (PAUSE)
You bite the kobold!
You kill the kobold!
* * * LOW HITPOINT WARNING * * *
You feel extremely sick. The kobold barely misses you. 😨 HP[-10]
You take 10 damage, and now have 8/28 hp.
MASSIVE DAMAGE!! (PAUSE)
You bite the kobold!
You kill the kobold!
* * * LOW HITPOINT WARNING * * *
You feel extremely sick. 😱 HP[-6] MP[+1]
You take 6 damage, and now have 2/28 hp.
MASSIVE DAMAGE!! (PAUSE) It was a potion of attraction.
You feel attractive to monsters.
You die...

Skill      XL: |  1  2  3 |
---------------+----------+-----
Transmutations | 3 |  3.1
Fighting       | |  1.1
Dodging        | |  1.7
Unarmed Combat | |  3.4
Spellcasting   | |  2.5
Poison Magic   | |  0.6

Action                   || total
-------------------------++-------
Melee: Unarmed           ||    98
       Kick              ||    18
       Tailslap          ||    15
       Headbutt          ||    13
 Cast: Beastly Appendage ||    22
       Spider Form       ||     1
  Use: Scroll            ||     2
       Potion            ||     1
Armor: Skin              ||    40
Dodge: Dodged            ||    72

Levels and vault maps discovered:
D:1:      dpeg_arrival_pits, layout_basic
D:2:      cheibrodos_fertilizer, layout_rooms, serial_shops,
          nicolae_shop_overgrown_old_shop

Notes
Turn   | Place    | Note
-------+----------+-------------------------------------------
     0 | D:1      | kae the Draconian Transmuter began the quest for the Orb.
     0 | D:1      | Reached XP level 1. HP: 16/16 MP: 3/3
     0 | D:1      | magus.rc [v1.11.3]
    72 | D:1      | Reached XP level 2. HP: 18/23 MP: 5/5
   170 | D:1      | You pick up a book of Hexes and begin reading...
   170 | D:1      | You add the spells Inner Flame, Cause Fear and Discord to
                  | your library.
   658 | D:1      | Reached XP level 3. HP: 25/28 MP: 4/6
   661 | D:1      | Learned a level 2 spell: Wereblood
   665 | D:1      | Learned a level 3 spell: Spider Form
   775 | D:2      | You pick up a book of the Hunter and begin reading...
   775 | D:2      | You add the spells Call Canine Familiar, Portal Projectile
                  | and Leda's Liquefaction to your library.
   818 | D:2      | Reached skill level 3 in Transmutations
   881 | D:2      | Found Soamuorid's Assorted Antiques.
   901 | D:2      | Bought a lumpy clear potion for 19 gold pieces
   901 | D:2      | Bought a sapphire potion for 19 gold pieces
   901 | D:2      | Bought a scroll labelled ATEKAMUAHO for 22 gold pieces
   901 | D:2      | Bought a scroll labelled EDOOZX ENKUONN for 22 gold pieces
  1327 | D:2      | HP: 2/28 [poisoned by a kobold]
  1328 | D:2      | Succumbed to a kobold's poison

Vanquished Creatures
  A dart slug (D:2)
  6 ball pythons
  7 bats
  6 endoplasms
  4 giant cockroaches (D:1)
  5 goblins
  6 hobgoblins
  6 kobolds
  A quokka (D:2)
  A frilled lizard (D:1)
  5 rats
48 creatures vanquished.

Vanquished Creatures (others)
  12 toadstools (D:2)
12 creatures vanquished.

Grand Total: 60 creatures vanquished

Table legend:
 A = Non-vault XP
 B = Vault XP
 C = Vault XP percentage of total XP
 D = Non-vault monster count
 E = Vault monster count
 F = Vault count percentage of total count
                 A         B        C        D         E       F
            +---------+---------+-------+---------+---------+-------
      Total |      77 |       6 |   7.2 |      43 |       5 |  10.4
            +---------+---------+-------+---------+---------+-------
        D:1 |      45 |       0 |   0.0 |      25 |       0 |   0.0
        D:2 |      32 |       6 |  15.8 |      18 |       5 |  21.7
            +---------+---------+-------+---------+---------+-------

Illustrated notes

Table legend:
 A = Kills in this place as a percentage of kills in entire the game.
 B = Kills by you in this place as a percentage of kills by you in the entire game.
 C = Kills by friends in this place as a percentage of kills by friends in the entire game.
 D = Other kills in this place as a percentage of other kills in the entire game.
 E = Experience gained in this place as a percentage of experience gained in the entire game.
 F = Experience gained in this place divided by the number of levels of this place that you have seen.
                   A       B       C       D       E      F
               +-------+-------+-------+-------+-------+----------------------
         Total | 100.0 | 100.0 |   N/A |   N/A | 100.0 |  41.5
       Dungeon | 100.0 | 100.0 |   N/A |   N/A | 100.0 |  41.5
               +-------+-------+-------+-------+-------+----------------------

Table legend: (Time is in decaauts)
 A = Elapsed time spent in this place.
 B = Non-inter-level travel time spent in this place.
 C = Inter-level travel time spent in this place.
 D = Time resting spent in this place.
 E = Time spent auto-exploring this place.
 F = Levels seen in this place.
 G = Mean time per level.
                   A        B        C        D        E       F      G
               +--------+--------+--------+--------+--------+-----+--------+
         Total |   1322 |   1290 |     32 |      8 |    994 |   2 |  661.0 |
       Dungeon |   1322 |   1290 |     32 |      8 |    994 |   2 |  661.0 |
               +--------+--------+--------+--------+--------+-----+--------+

Top non-repeatable levels by time:
     D:1: 732 daAuts
     D:2: 590 daAuts
